 Dungeon Crawl Stone Soup version 0.31-a0-325-g067879e3d3 (webtiles) character file.

Game seed: 10711162897905835807

44 cforsyth the Changeling (level 3, -5/28 HPs)
             Began as a Vampire Shapeshifter on July 19, 2023.
             Slain by a gnoll
             ... wielding a +0 whip
              (7 damage)
             ... on level 2 of the Dungeon.
             The game lasted 00:01:53 (928 turns).

cforsyth the Changeling (Vampire Shapeshifter)       Turns: 928, Time: 00:01:54

Health: -5/28      AC:  2    Str: 16    XL:     3   Next: 41%
Magic:  3/3        EV: 12    Int: 10    God:
Gold:   47         SH:  0    Dex: 14    Spells: 2/2 levels left

rFire   . .          .
                       - Unarmed
rCold   . . .        (no shield)
rNeg    . . .        a - +0 animal skin
rPois   .            (helmet currently unavailable)
rElec   .            (cloak currently unavailable)
rCorr   .            (gloves currently unavailable)
SInv    +            (boots currently unavailable)
Will    .....        (no amulet)
Stlth   +            (no ring)
HPRegen 0.44/turn    (no ring)
MPRegen 0.08/turn

%: no passive effects
@: beast-form, healing quickly, hasted, very quick
A: beast (slay +2), alive, fangs 3, see invisible, vampiric 2
a: Exsanguinate, Begin Untransformation


You were on level 2 of the Dungeon.
You were a hulking beast.
You visited 1 branch of the dungeon, and saw 2 of its levels.

You collected 47 gold pieces.

Inventory:

Armour
 a - a +0 animal skin (worn)
Jewellery
 e - a ring of fire
Talismans
 c - a beast talisman
Scrolls
 d - a scroll of teleportation {unknown}
 f - a scroll of fear {unknown}
 h - 2 scrolls of identify {unknown}
 j - a scroll of noise {unknown}
 m - a scroll of vulnerability {unknown}
 n - a scroll of enchant armour {unknown}
Potions
 b - 2 potions of lignification
 g - a potion of heal wounds {unknown}
 i - a potion of curing {unknown}
 k - 2 potions of haste
 l - a potion of degeneration {unknown}
 o - a potion of brilliance {unknown}


   Skills:
 + Level 2.5 Fighting
 - Level 2.1 Dodging
 + Level 3.0 Unarmed Combat
 + Level 3.7 Shapeshifting


You had 2 spell levels left.
You didn't know any spells.
Your spell library was empty.

Dungeon Overview and Level Annotations

Branches:
Dungeon (2/15)

Altars:

Shops:
D:1 =

Annotations:
D:2 Jessica


Innate Abilities, Weirdness & Mutations

You are a hulking beast.
Your limbs bulge with bestial killing power. (Slay +2)
Your natural rate of healing is accelerated.
You have razor-sharp teeth.
You have supernaturally acute eyesight. (SInv)
You are afflicted with vampirism and can become a bat while bloodless.


Message History

You punch the goblin!
You kill the goblin!
No target in view!
No target in view!
No target in view!
No target in view!
No target in view!
No target in view!
You now have 47 gold pieces (gained 5).
A gnoll comes into view. It is wielding a +0 whip.
A gnoll is nearby!
A gnoll is nearby!
A gnoll is nearby!
Jessica the Apprentice Sorceress comes into view.
She is wielding a +0 dagger.
Jessica shouts!
A gnoll comes into view. It is wielding a +0 spear.
The gnoll shouts!
A gnoll comes into view. It is wielding a +0 whip.
The gnoll hits you with a +0 whip.
The gnoll shouts!
You punch the gnoll!
The gnoll is severely wounded.
The gnoll hits you with a +0 whip!
You barely miss the gnoll.
The gnoll is severely wounded.
Jessica hits you with a +0 dagger.
You are too injured to fight recklessly!
You are too injured to fight recklessly!
You are too injured to fight recklessly!
You are too injured to fight recklessly!
Unknown command.
The gnoll barely misses you. Jessica attacks as you move away!
Jessica misses you. Jessica attacks as you move away!
Jessica hits you with a +0 dagger. The gnoll attacks as you move away!
The gnoll hits you with a +0 whip!
* * * LOW HITPOINT WARNING * * *
Unknown command.
It was a potion of haste.
You feel yourself speed up. The gnoll hits you with a +0 whip!
You die...

##. .. #.. .. ...# .# ...##
##.# #. #...### #.. ...
......#####.# ...
###.......#.# #######.##.
............#####..........
.#..♣♣♣♣♣♣...)..hgg........
..#..........####@.........
....♣♣♣♣♣♣...# #...g......
####.........####..........
#.................######
#.................#
########.........♣♣
#######.#♣♣ #.#


You could see 3 gnolls and Jessica.

Vanquished Creatures
  An adder (D:2)
  A dart slug (D:1)
  4 endoplasms (D:1)
  3 giant cockroaches (D:1)
  3 goblins
  2 hobgoblins (D:1)
  4 jackals (D:1)
  2 kobolds
  3 ball pythons (D:1)
  3 bats
  A frilled lizard (D:1)
  3 rats
30 creatures vanquished.

Notes
Turn   | Place    | Note
-------+----------+-------------------------------------------
     0 | D:1      | cforsyth the Vampire Shapeshifter began the quest for the
                  | Orb.
     0 | D:1      | Reached XP level 1. HP: 16/16 MP: 1/1
    33 | D:1      | Found Hoczuust's Jewellery Emporium.
   120 | D:1      | Reached XP level 2. HP: 22/22 MP: 2/2
   490 | D:1      | Gained mutation: You are afflicted with vampirism and can
                  | become a bat while bloodless. [Vampire growth]
   490 | D:1      | Reached XP level 3. HP: 28/28 MP: 3/3
   920 | D:2      | Noticed Jessica
   927 | D:2      | HP: 1/28 [gnoll/+0 whip (8)]
   928 | D:2      | Slain by a gnoll

Illustrated notes

Levels and vault maps discovered:
D:1:      matt_arrival_los_fun, layout_loops_ring, serial_shops, shop,
          minmay_misc_feat_encased, minmay_misc_feat_square
D:2:      layout_rooms, serial_forest, infiniplex_forest_clump_C,
          infiniplex_forest_straight_2, infiniplex_forest_clump_diagonal,
          infiniplex_forest_lined_corner, infiniplex_forest_end_3,
          infiniplex_forest_side_room, infiniplex_forest_clump_medium, hex_tiny,
          uniq_natasha, uniq_jessica, uniq_terence

Skill      XL: |  1  2  3 |
---------------+----------+-----
Fighting       | 2 |  2.5
Unarmed Combat | 3 |  3.0
Dodging        | |  2.1
Shapeshifting  | |  3.7

Action                     || total
---------------------------++-------
  Melee: Unarmed           ||    73
         Bite              ||     8
         Punch             ||     2
    Use: Potion            ||     1
   Stab: Sleeping          ||     3
 Armour: Animal skin       ||     8
  Dodge: Dodged            ||    40

Table legend: (Time is in decaauts)
 A = Elapsed time spent in this place.
 B = Non-inter-level travel time spent in this place.
 C = Inter-level travel time spent in this place.
 D = Time resting spent in this place.
 E = Time spent auto-exploring this place.
 F = Levels seen in this place.
 G = Mean time per level.
                   A        B        C        D        E       F      G
               +--------+--------+--------+--------+--------+-----+--------+
         Total |    923 |    902 |     21 |      0 |    718 |   2 |  461.5 |
       Dungeon |    923 |    902 |     21 |      0 |    718 |   2 |  461.5 |
               +--------+--------+--------+--------+--------+-----+--------+

Top non-repeatable levels by time:
     D:1: 802 daAuts
     D:2: 121 daAuts
